 Dungeon Crawl Stone Soup version 0.21.1-1-g345015f (webtiles) character file.

991 relionnb the Digger (level 7, 0/66 HPs)
             Began as a Troll Earth Elementalist on Mar 8, 2018.
             Slain by Pikel
             ... wielding a +1 whip of freezing
              (7 damage)
             ... on level 7 of the Dungeon.
             The game lasted 00:29:38 (3294 turns).

relionnb the Digger (Troll Earth Elementalist)      Turns: 3294, Time: 00:29:39

Health: 0/66       AC:  0    Str: 19    XL:     7   Next: 98%
Magic:  8/8        EV: 15    Int: 11    God:
Gold:   218        SH:  0    Dex: 10    Spells: 3/9 levels left

rFire    . . .     SeeInvis .     - Unarmed
rCold    . . .     Gourm    +   (shield currently unavailable)
rNeg     . . .     Faith    .   (armour currently unavailable)
rPois    .         Spirit   .   (helmet currently unavailable)
rElec    .         Reflect  .   (cloak currently unavailable)
rCorr    .         Harm     .   (gloves unavailable)
MR       .....                  (boots unavailable)
Stlth    ++........             (no amulet)
HPRegen  0.61/turn              (ring currently unavailable)
MPRegen  0.11/turn              (ring currently unavailable)

@: pig-form (expiring), very quick
A: small, unfitting armour, fast metabolism 3, gourmand, regeneration 1
a: no special abilities


You were on level 7 of the Dungeon.
You were very full.
You were a filthy swine.
You visited 2 branches of the dungeon, and saw 6 of its levels.

You collected 218 gold pieces.

Inventory:

Hand Weapons
 g - a +4 whip of electrocution
 j - a +0 hand axe
 m - a +0 flail
 v - a +1 battleaxe
 F - a +0 giant club (melded)
Missiles
 a - 29 arrows
 b - 111 stones (quivered)
 k - 6 needles of paralysis
 o - 52 poisoned needles
Armour
 c - a +0 robe
 n - a +0 robe
 q - a +0 robe
 u - a +0 robe
 w - a +2 robe of magic resistance (melded)
 D - a +0 robe
Jewellery
 x - an uncursed ring of fire
Wands
 y - a wand of flame (11)
 E - a wand of polymorph (15)
Scrolls
 h - 6 scrolls of teleportation
 i - 6 scrolls of identify
 t - 2 scrolls of enchant weapon
 z - a scroll of noise {unknown}
 C - a scroll of fog {unknown}
Potions
 f - 5 potions of curing {unknown}
 l - 2 potions of invisibility {unknown}
 p - 5 potions of flight {unknown}
 r - 3 potions of heal wounds {unknown}
 s - a potion of cancellation {unknown}
 B - a potion of haste {unknown}
Books
 e - a book of Geomancy

   Spells                             Type                      Level
   a - Sandblast                      Earth                        1
   b - Passwall                       Transmutation/Earth          2
   c - Stone Arrow                    Conjuration/Earth            3
   d - Petrify                        Transmutation/Earth          4
   e - Lee's Rapid Deconstruction     Earth                        5
Comestibles
 d - 7 rations
 A - 4 chunks of flesh


   Skills:
 + Level 2.3 Fighting
 + Level 3.1(3.7) Axes
 + Level 3.4(4.2) Maces & Flails
 + Level 3.3 Dodging
 + Level 1.7 Stealth
 + Level 1.3 Unarmed Combat
 + Level 1.6 Spellcasting
 + Level 0.6 Transmutations
 * Level 4.3 Earth Magic


You had 3 spell levels left.
You knew the following spells:

 Your Spells              Type           Power        Failure   Level  Hunger
a - Sandblast             Erth           ##....       4%          1    ##.....
b - Passwall              Tmut/Erth      #.........   16%         2    ###....
c - Stone Arrow           Conj/Erth      #.....       36%         3    ####...


Dungeon Overview and Level Annotations

Branches:
Dungeon (4/15)             Temple (1/1) D:4

Altars:
Ashenzari
Cheibriados
Dithmenos
Gozag
Makhleb
Okawaru
Qazlal
Ru
Sif Muna
Uskayaw
Vehumet
Wu Jian
Xom
Yredelemnul
Zin
The Shining One

Annotations:
D:7 Pikel


Innate Abilities, Weirdness & Mutations

You are too large for most types of armour.
((You have claws for hands.))
Your metabolism is lightning-fast.
You like to eat raw meat.
Your natural rate of healing is unusually fast.
((You are covered in fur. (AC +1)))
((You have very tough skin. (AC +2)))


Message History

Pikel closely misses you.
You hit Pikel but do no damage.
Pikel is severely wounded.
Pikel hits you with a whip of freezing! Pikel freezes you.
* * * LOW HITPOINT WARNING * * *
You hit Pikel.
Pikel is almost dead.
You closely miss Pikel.
Pikel is almost dead.
Pikel hits you but does no damage.
You completely miss Pikel.
Pikel is almost dead.
Pikel hits you with a whip of freezing!
* * * LOW HITPOINT WARNING * * *
Pikel freezes you.
* * * LOW HITPOINT WARNING * * *
You barely miss Pikel.
Pikel is almost dead.
Pikel hits you with a whip of freezing!
You die...

#..##.......# .. .
..###.......#.##.#
####..###.....##.#
##...## ##.#####.#
...######..## #.#
#####.......## #.#
... #.#####..###.#
..... ##..##.#
.#... ##.##h#
####. .######..#K#
. ......##.pp# #
.......#.Y##
..........#
........#.###
..Y.........#
..........###
........###


You could see Pikel, an ice beast and 2 slaves.

Vanquished Creatures
  A hippogriff (D:7)
  An orc warrior (D:3)
  An ice beast (D:7)
  An ogre (D:7)
  A bullfrog (D:7)
  A crimson imp (D:7)
  2 orc priests
  3 hounds
  Jessica (D:3)
  3 orc wizards
  A hound zombie (D:4)
  3 gnolls (D:3)
  5 adders
  An ooze (D:3)
  An adder skeleton (D:4)
  2 worms (D:2)
  6 dart slugs
  6 leopard geckos
  13 orcs
  2 ball pythons
  6 giant cockroaches
  6 goblins
  6 hobgoblins
  4 jackals
  3 kobolds (D:2)
  3 quokkas
  7 bats
  4 frilled lizards
  A jackal skeleton (D:4)
  5 rats
100 creatures vanquished.

Notes
Turn   | Place    | Note
-------+----------+-------------------------------------------
     0 | D:1      | relionnb the Troll Earth Elementalist began the quest for the Orb.
     0 | D:1      | Reached XP level 1. HP: 16/16 MP: 1/1
    85 | D:1      | Reached skill level 3 in Earth Magic
    94 | D:1      | Reached XP level 2. HP: 24/24 MP: 2/2
   513 | D:2      | Reached XP level 3. HP: 27/31 MP: 4/4
   560 | D:2      | Found a burning altar of Makhleb.
   601 | D:2      | Reached XP level 4. HP: 38/39 MP: 5/5
   627 | D:2      | Reached skill level 1 in Unarmed Combat
   758 | D:2      | Reached skill level 1 in Maces & Flails
  1312 | D:3      | Reached XP level 5. HP: 45/45 MP: 6/6
  1382 | D:3      | Noticed an orc warrior
  1391 | D:3      | Killed an orc warrior
  1391 | D:3      | Reached skill level 1 in Fighting
  1391 | D:3      | Reached XP level 6. HP: 21/55 MP: 7/7
  1459 | D:3      | Learned a level 2 spell: Passwall
  1984 | D:3      | Noticed Jessica
  1987 | D:3      | Killed Jessica
  2190 | D:4      | Learned a level 3 spell: Stone Arrow
  2295 | D:4      | Found a staircase to the Ecumenical Temple.
  2299 | Temple   | Entered the Ecumenical Temple
  2801 | D:4      | You fall through a shaft for 3 floors!
  2801 | D:7      | Noticed a hippogriff
  2807 | D:7      | Killed a hippogriff
  2807 | D:7      | Reached skill level 1 in Axes
  2807 | D:7      | Reached skill level 4 in Earth Magic
  2807 | D:7      | Reached XP level 7. HP: 22/65 MP: 6/8
  2967 | D:7      | Found an opulent altar of Gozag.
  3248 | D:7      | Noticed Pikel
  3294 | D:7      | Slain by Pikel

Skill      XL: |  1  2  3  4  5  6  7 |
---------------+----------------------+-----
Earth Magic    | 3 4 |  4.3
Unarmed Combat | 1 |  1.3
Maces & Flails | 1 2 3 |  3.4
Dodging        | 2 3 |  3.3
Fighting       | 1 2 |  2.3
Axes           | 1 3 |  3.1
Stealth        | |  1.7
Spellcasting   | |  1.6
Transmutations | |  0.6

Action                   |  1- 3 |  4- 6 |  7- 9 || total
-------------------------+-------+-------+-------++-------
Melee: Unarmed           |    25 |       |    26 ||    51
       Whip              |    22 |   135 |       ||   157
       Battleaxe         |       |    74 |    43 ||   117
       Giant club        |       |       |     4 ||     4
Throw: Stone             |       |       |     3 ||     3
 Cast: Sandblast         |       |     2 |       ||     2
  Use: Scroll            |       |     4 |       ||     4
 Stab: Sleeping          |     1 |     2 |     1 ||     4
  Eat: Chunk             |    11 |    21 |     4 ||    36
Armor: Robe              |    15 |    83 |    20 ||   118
Dodge: Dodged            |    26 |   131 |    37 ||   194
